 Dungeon Crawl Stone Soup version 0.30-a0-596-g0af90f9a20 (webtiles) character file.

Game seed: 9635528584377665997

63262 tkbsonic5 the Cleaver (level 15, 0/135 HPs)
             Began as a Hill Orc Monk on Jan 4, 2023.
             Was the Champion of Beogh.
             Slain by a nagaraja
             ... wielding a +0 halberd
              (7 damage)
             ... on level 2 of the Snake Pit on Jan 7, 2023.
             The game lasted 01:35:27 (21988 turns).

tkbsonic5 the Cleaver (Hill Orc Monk)              Turns: 21988, Time: 01:35:27

Health: 0/135      AC: 24    Str: 28    XL:     15   Next: 9%
Magic:  23/24      EV:  7    Int:  8    God:    Beogh [******]
Gold:   752        SH: 10    Dex: 13    Spells: 14/14 levels left

rFire   . . .      SeeInvis .    O - +6 broad axe (flame)
rCold   . . .      Faith    .    X - +0 kite shield
rNeg    . . .      Spirit   .    J - +2 plate armour {rPois}
rPois   +          Reflect  .    g - +2 hat
rElec   .          Harm     .    (no cloak)
rCorr   .          Rampage  .    (no gloves)
Will    +....                    e - +0 pair of boots Stlth
                                 B - amulet of regeneration
HPRegen 1.22/turn                N - +4 ring of protection
MPRegen 0.19/turn                H - +6 ring of strength

@: silenced, on berserk cooldown, slowed, constricted, very slow
A: walk on water, dopey 1, no potion heal 1
a: Renounce Religion


You were on level 2 of the Snake Pit.
You worshipped Beogh.
Beogh was exalted by your worship.
You visited 4 branches of the dungeon, and saw 20 of its levels.
You also visited: Ossuary.

You collected 2327 gold pieces.
You spent 1575 gold pieces at shops.

Inventory:

Hand Weapons
 d - a +2 whip of electrocution
 t - the +3 whip "Ystoasaed" {heavy, Fly}
   (You found it on level 2 of the Lair of Beasts)

   Fly:       It grants you flight.
 y - a +0 great sword
 C - a +3 battleaxe
 E - a +0 halberd of protection
 O - a +6 broad axe of flaming (weapon)
 P - a +0 morningstar
 W - a +4 spear of freezing
Missiles
 k - 61 poisoned darts
 l - a silver javelin
 Q - 11 boomerangs (quivered)
Armour
 e - a +0 pair of boots (worn)
 g - a +2 hat (worn)
 z - a +0 buckler
 A - an orb of energy
 J - a +2 plate armour of poison resistance (worn)
 X - a +0 kite shield (worn)
Jewellery
 a - a +6 ring of strength
 c - an amulet of guardian spirit
 j - a ring of see invisible
 m - a ring of protection from cold
 q - an amulet of reflection
 r - an amulet of the acrobat
 B - an amulet of regeneration (around neck)
 H - a +6 ring of strength (right hand)
 N - a +4 ring of protection (left hand)
 T - a +6 ring of strength
 V - the amulet "Forget-Me-Not" {Spirit SInv}
   (You found it on level 4 of the Lair of Beasts)

   [amulet of guardian spirit]

   It causes incoming damage to be divided between your reserves of health and
   magic.
   SInv:      It lets you see invisible.
Wands
 s - a wand of digging (6)
 u - a wand of paralysis (5)
 v - a wand of polymorph (8)
 x - a wand of flame (24)
 R - a wand of mindburst (2)
Scrolls
 f - 9 scrolls of teleportation
 G - 3 scrolls of identify
 K - 3 scrolls of poison
 S - a scroll of amnesia
 U - 2 scrolls of magic mapping
Potions
 b - 8 potions of curing
 h - 6 potions of flight
 n - a potion of cancellation
 o - 3 potions of magic
 p - 2 potions of might
 D - 4 potions of brilliance


   Skills:
 * Level 13.1 Fighting
 * Level 14.5(15.0) Axes
 + Level 4.9(9.3) Maces & Flails
 + Level 7.1 Throwing
 * Level 11.4 Armour
 * Level 8.9 Dodging
 - Level 1.5 Stealth
 * Level 7.5 Shields
 * Level 12.3 Invocations
 + Level 7.0 Evocations


You had 14 spell levels left.
You didn't know any spells.
Your spell library contained the following spells:

 Spells                   Type           Power      Damage    Failure   Level
 Beastly Appendage        Tmut           0%         N/A       100%        1
 Magic Dart               Conj           0%         1d3       100%        1
 Sandblast                Erth           0%         2d4       100%        1
 Blink                    Tloc           0%         N/A       100%        2
 Call Imp                 Summ           0%         N/A       100%        2
 Momentum Strike          Conj/Tloc      0%         3d8       100%        2
 Passwall                 Tmut/Erth      0%         N/A       100%        2
 Static Discharge         Conj/Air       0%         2-2/arc   100%        2
 Wereblood                Tmut           0%         N/A       100%        2
 Lesser Beckoning         Tloc           0%         N/A       100%        3
 Mephitic Cloud           Conj/Pois/Air  0%         N/A       100%        3
 Ozocubu's Armour         Ice            0%         N/A       100%        3
 Spider Form              Tmut/Pois      0%         N/A       100%        3
 Stone Arrow              Conj/Erth      0%         3d7       100%        3
 Summon Guardian Golem    Hex/Summ       0%         N/A       100%        3
 Tukima's Dance           Hex            0%         N/A       100%        3
 Vhi's Electric Charge    Tloc/Air       0%         N/A       100%        3
 Animate Armour           Summ/Erth      0%         N/A       100%        4
 Dispel Undead            Necr           0%         3d6       100%        4
 Arcjolt                  Conj/Air       0%         1d10      100%        5
 Blade Hands              Tmut           0%         N/A       100%        5
 Lightning Bolt           Conj/Air       0%         1d11      100%        5
 Silence                  Hex/Air        0%         N/A       100%        5
 Iron Shot                Conj/Erth      0%         9d1       100%        6
 Orb of Destruction       Conj           0%         9d5       100%        7
 Ozocubu's Refrigeration  Ice            0%         4d7       100%        7
 Spellforged Servitor     Conj/Summ      0%         N/A       100%        7
 Necromutation            Tmut/Necr      0%         N/A       100%        8


Dungeon Overview and Level Annotations

Branches:
Dungeon (11/15)            Temple (0/1) D:7            Lair (5/5) D:8
 Shoals (0/4) Lair:2        Snake (2/4) Lair:3        Slime (0/5) Lair:5
    Orc (2/2) D:9             Elf (0/3) Orc:2       Ossuary (visited)

Altars:
Dithmenos
Elyvilon
Fedhas
Gozag
Hepliaklqana
Kikubaaqudgha
Makhleb
Ru
Uskayaw
Vehumet
Wu Jian
Xom
The Shining One
Jiyva

Shops:
D:9 (   Orc:2 [=??

Portals:
Pandemonium: Orc:2
Trove: D:10 (give 7 potions of haste)

Annotations:
D:2 1 runed translucent door, Crazy Yiuf
D:6 2 runed translucent doors, baller8008's ghost, novice MiFi
Lair:2 exclusion: oklob plant
Snake:1 2 transporters, Haintauh's ghost, journeyman DrIE


Innate Abilities, Weirdness & Mutations

You can walk on water.
You are dopey. (Int -2)
Potions are less effective at restoring your health.


Message History

The nagaraja seems to speed up.
The naga mage spits poison at you.
The splash of poison hits you but does no damage.
You resist.
The nagaraja hits you but does no damage.
You block the nagaraja's attack.
You slash the nagaraja! You burn the nagaraja.
You kill the nagaraja!
Beogh accepts your kill.
You slash the naga mage! You burn the naga mage!
You kill the naga mage!
Beogh accepts your kill.
You can now revive fallen orcs.
Your Evocations skill increases to level 7!
You are no longer berserk.
You are exhausted.
You feel yourself slow down. The naga warrior spits poison at you.
The splash of poison hits Learuk but does no damage.
Learuk is poisoned.
Magic scrolls do not work when you're silenced!
You swap places.
You block the naga warrior's attack. The naga warrior grabs you.
The naga warrior constricts you.
* * * LOW HITPOINT WARNING * * *
Things that are here:
a +0 whip; a +0 robe The naga warrior's grasp on you weakens, but your attempt to escape fails.
The nagaraja hits you from afar with a +0 halberd!
* * * LOW HITPOINT WARNING * * *
You block the naga warrior's attack. The naga warrior constricts you.
The nagaraja barely misses you.
The naga warrior hits you with a +0 dire flail!
* * * LOW HITPOINT WARNING * * *
The naga warrior constricts you.
* * * LOW HITPOINT WARNING * * *
Okay, then.
Magic scrolls do not work when you're silenced!
Your system partially rejects the healing.
You feel better.
The nagaraja hits you from afar with a +0 halberd!
You die...

#.#.####### ..#....#
#.≈≈≈...≈≈≈.# .......##
#.≈.~...~.≈.#
........###.≈≈≈...≈≈≈.#
.........##...≈...≈...#
.........##...≈...≈...#
..........##..≈.N.≈.)#
....<......#..≈≈N≈≈..#
...........##..≈@≈?.#
...........[#..)o...#
.........##.##.))).##
.........##.##..).)#
.............#.....# #
.............#))...#.##
.............†))).......
...............)..######
.............†.†..#


You could see a nagaraja (fast), a naga warrior (catching breath, ally target)
and the friendly Learuk the orc warlord (poisoned).

Vanquished Creatures
  2 nagarajas (Snake:2)
  An ettin (Orc:2)
  A demonspawn (Orc:2)
  2 catoblepae (Lair:5)
  2 two-headed ogres
  2 naga warriors (Snake:2)
  A boulder beetle (Lair:3)
  2 death yaks (Lair:5)
  3 orc high priests (Orc:2)
  A naga sharpshooter (Snake:1)
  A naga ritualist (Snake:2)
  2 orc knights
  A mana viper (Snake:1)
  2 orc sorcerers (Orc:2)
  An ugly thing (D:11)
  A manticore (Lair:5)
  An eye of devastation (Lair:5)
  3 salamanders
  4 elephants
  2 guardian serpents (Snake:2)
  16 black mambas
  2 cane toads
  A gargoyle (D:11)
  3 naga magi (Snake:2)
  3 kobold demonologists
  4 komodo dragons
  2 trolls
  2 polar bears
  A hornet (D:7)
  6 blink frogs
  2 dream sheep
  Sigmund (D:6)
  39 yaks
  2 wraiths (D:9)
  Eustachio (D:5)
  Grum (D:9)
  2 death yak simulacra (Lair:4)
  Menkaure (D:6)
  5 nagas
  An acid dragon (D:9)
  A warg (Orc:2)
  16 water moccasins
  A black bear (D:6)
  A sky beast (D:6)
  9 orc warriors
  5 ice beasts
  8 centaurs
  5 wolves
  2 ogres
  A phantom (D:7)
  An elf zombie (Ossuary)
  4 kobold brigands
  Blork the orc (D:6)
  A gnoll sergeant (D:8)
  A necrophage (D:7)
  6 bullfrogs
  A wight (D:7)
  2 howler monkeys
  An electric eel (Lair:3)
  2 centaur zombies (Ossuary)
  2 human zombies (Ossuary)
  6 orc priests
  5 hounds
  2 gnoll boudas
  4 iguanas
  3 iron imps (D:7)
  2 orc wizards
  A polar bear simulacrum (Lair:4)
  9 hell rats (Lair:4)
  3 mummies
  Robin (D:2)
  7 adders
  11 gnolls
  A worm (D:3)
  4 dart slugs (D:1)
  15 orcs
  7 ball pythons
  4 endoplasms
  3 giant cockroaches
  15 goblins
  8 hobgoblins
  3 quokkas (D:3)
  5 bats
  2 frilled lizards
  3 goblin zombies
  15 hobgoblin zombies (Ossuary)
  A jackal zombie (Ossuary)
  15 kobolds
  8 kobold zombies (Ossuary)
  6 orc zombies (Ossuary)
  2 rats (D:3)
  A rat zombie (Ossuary)
373 creatures vanquished.

Vanquished Creatures (collateral kills)
  3 hydras
  2 demonspawn (Orc:2)
  A two-headed ogre (D:10)
  A catoblepas (Lair:5)
  3 naga warriors
  2 orc high priests (Orc:2)
  A naga sharpshooter (Snake:1)
  A sun demon (Orc:2)
  6 death yaks (Lair:5)
  A soul eater (Orc:2)
  A shock serpent (Snake:2)
  A salamander mystic (Snake:2)
  2 naga ritualists
  2 orc knights (Orc:2)
  A deep elf pyromancer (D:10)
  5 mana vipers
  3 orc sorcerers
  A manticore (Lair:5)
  3 elephants
  A salamander (Snake:1)
  2 cyclopes
  13 black mambas
  4 naga magi
  7 cane toads
  A rime drake (Lair:3)
  6 komodo dragons
  A red devil (Orc:2)
  3 trolls
  A merfolk (Lair:2)
  A hellwing (Orc:2)
  A polar bear (Lair:5)
  8 blink frogs
  9 dream sheep
  A shadow (D:10)
  2 basilisks
  15 yaks
  A warg (Orc:2)
  A death yak simulacrum (Lair:4)
  4 nagas
  An acid dragon (D:10)
  11 water moccasins
  7 orc warriors (Orc:2)
  A swamp drake (D:9)
  A floating eye (Lair:5)
  7 wolves (Lair:1)
  A centaur (D:10)
  A kobold brigand (D:11)
  3 bullfrogs
  2 howler monkeys
  5 orc priests
  An orc wizard (Orc:2)
  3 hell rats (Lair:4)
  A polar bear simulacrum (Lair:4)
  3 gnolls (Orc:2)
  23 orcs
  6 hobgoblins (D:10)
  5 kobolds
204 creatures vanquished.

Vanquished Creatures (others)
  6 orc knights
  4 orc sorcerers
  A yak (Lair:5)
  17 orc warriors
  11 orc priests
  4 orc wizards
  An ufetubus (D:5)
  38 orcs
  22 fungi
  82 plants
186 creatures vanquished.

Grand Total: 763 creatures vanquished

Notes
Turn   | Place    | Note
-------+----------+-------------------------------------------
     0 | D:1      | tkbsonic5 the Hill Orc Monk began the quest for the Orb.
     0 | D:1      | Reached XP level 1. HP: 19/19 MP: 1/1
   234 | D:1      | Reached XP level 2. HP: 27/27 MP: 2/2
   362 | D:1      | Found a radiant altar of Vehumet.
   526 | D:1      | Found a faded altar of an unknown god.
   546 | D:1      | Reached XP level 3. HP: 33/33 MP: 3/3
   687 | D:1      | Learned a level 1 spell: Magic Dart
  1129 | D:2      | Noticed Robin
  1147 | D:2      | Killed Robin
  1148 | D:2      | Reached skill level 5 in Axes
  1148 | D:2      | Reached skill level 1 in Armour
  1197 | D:2      | Found a runed translucent door.
  1199 | D:2      | Noticed Crazy Yiuf
  1698 | D:2      | Reached XP level 4. HP: 36/41 MP: 4/4
  2116 | D:3      | Found a blossoming altar of Fedhas.
  2119 | D:3      | Found an ancient bone altar of Kikubaaqudgha.
  2159 | D:3      | Found a shadowy altar of Dithmenos.
  2228 | D:3      | Found a sacrificial altar of Ru.
  2523 | D:3      | Gained mutation: Potions are less effective at restoring
                  | your health. [potion of mutation]
  2523 | D:3      | Gained mutation: You are dopey. (Int -2) [potion of
                  | mutation]
  2525 | D:3      | Identified a scroll of acquirement
  2525 | D:3      | Acquired a +4 heavy broad axe
  2545 | D:4      | Reached skill level 5 in Fighting
  2545 | D:4      | Reached XP level 5. HP: 48/48 MP: 5/5
  2614 | D:4      | Reached skill level 1 in Throwing
  2951 | D:4      | Found an opulent altar of Gozag.
  3138 | D:4      | Reached skill level 6 in Axes
  3174 | D:4      | Found a sand-covered staircase.
  3177 | D:4      | Reached XP level 6. HP: 56/56 MP: 6/6
  3179 | Ossuary  | Entered an ossuary
  3304 | Ossuary  | Reached XP level 7. HP: 50/63 MP: 7/7
  3616 | D:5      | Entered Level 5 of the Dungeon
  3647 | D:5      | Found a radiant altar of Vehumet.
  3701 | D:5      | Found a glowing golden altar of the Shining One.
  3862 | D:5      | Reached skill level 7 in Axes
  4049 | D:5      | Noticed Eustachio
  4079 | D:5      | Killed Eustachio
  4215 | D:5      | Became a worshipper of Beogh the Brigand
  4215 | D:5      | Reached * piety under Beogh
  4215 | D:5      | Reached ** piety under Beogh
  4704 | D:6      | Noticed Sigmund
  4711 | D:6      | Killed Sigmund
  4712 | D:6      | Reached skill level 1 in Evocations
  4712 | D:6      | Reached XP level 8. HP: 71/71 MP: 8/8
  4759 | D:6      | Reached skill level 1 in Invocations
  4885 | D:6      | Reached skill level 8 in Axes
  4895 | D:6      | Found a runed translucent door.
  4933 | D:6      | Noticed Menkaure
  4939 | D:6      | Killed Menkaure
  5070 | D:6      | Noticed baller8008's ghost (novice MiFi)
  5206 | D:6      | Found a runed translucent door.
  5224 | D:6      | Reached XP level 9. HP: 70/79 MP: 11/11
  5515 | D:6      | Noticed Blork the orc
  5522 | D:6      | Killed Blork the orc
  5746 | D:7      | Reached skill level 5 in Armour
  5882 | D:7      | Found a staircase to the Ecumenical Temple.
  5945 | D:7      | Got Itiyreig's Secrets of Cunning Unhallowed Magic
  6036 | D:7      | Noticed a hornet
  6040 | D:7      | Killed a hornet
  6041 | D:7      | Reached skill level 9 in Axes
  6213 | D:7      | Reached *** piety under Beogh
  6449 | D:7      | Found a burning altar of Makhleb.
  6725 | D:8      | Reached skill level 5 in Invocations
  6786 | D:8      | Reached XP level 10. HP: 82/90 MP: 13/13
  6822 | D:8      | Found a staircase to the Lair.
  6954 | D:8      | Noticed a two-headed ogre
  6960 | D:8      | Killed a two-headed ogre
  7311 | D:8      | Found a shimmering altar of Xom.
  7413 | D:9      | Noticed Grum
  7418 | D:9      | Killed Grum
  7426 | D:9      | Reached skill level 5 in Dodging
  7431 | D:9      | Reached skill level 10 in Axes
  7884 | D:9      | Found a staircase to the Orcish Mines.
  7890 | D:9      | Reached **** piety under Beogh
  7999 | D:9      | Found a faded altar of an unknown god.
  7999 | D:9      | Found a faded altar of an unknown god.
  8001 | D:9      | Found a hazy altar of Hepliaklqana.
  8255 | D:9      | Reached XP level 11. HP: 97/97 MP: 16/16
  8411 | D:9      | Reached skill level 5 in Throwing
  8733 | D:9      | Found Vehab Zeash's Weapon Shoppe.
  8814 | D:10     | Entered Level 10 of the Dungeon
  8837 | D:10     | Noticed a deep elf pyromancer
  8843 | D:10     | Killed a deep elf pyromancer
  8933 | D:10     | Noticed a two-headed ogre
  8939 | D:10     | Killed a two-headed ogre
  9213 | D:10     | Found a portal to a secret trove of treasure.
  9272 | D:10     | Found a white marble altar of Elyvilon.
  9453 | D:10     | Noticed an orc knight
  9461 | D:10     | Killed an orc knight
  9462 | D:10     | Reached skill level 11 in Axes
  9593 | D:10     | Noticed a two-headed ogre
  9598 | D:10     | Killed a two-headed ogre
  9599 | D:10     | Reached skill level 10 in Fighting
  9970 | D:11     | Noticed a cyan ugly thing
  9974 | D:11     | Killed a cyan ugly thing
 10104 | D:11     | Gained Ugbert as an ally
 10487 | D:11     | Noticed a cyclops
 10492 | D:11     | Killed a cyclops
 11026 | Lair:1   | Entered Level 1 of the Lair of Beasts
 11036 | Lair:1   | Upgraded the game from 0.30-a0-591-g3c58d2bc28 to
                  | 0.30-a0-596-g0af90f9a20
 11077 | Lair:1   | Reached XP level 12. HP: 66/107 MP: 12/18
 12304 | Lair:2   | Identified the +3 whip "Ystoasaed" {heavy, Fly}
 12329 | Lair:2   | Reached skill level 5 in Evocations
 12356 | Lair:2   | Noticed a four-headed hydra
 12368 | Lair:2   | Killed a four-headed hydra
 12369 | Lair:2   | Reached skill level 1 in Shields
 12389 | Lair:2   | Killed a four-headed hydra
 12390 | Lair:2   | Reached skill level 12 in Axes
 12516 | Lair:2   | You are sucked into a shaft and drop 1 floor!
 12540 | Lair:3   | Found an ornate altar of the Wu Jian Council.
 12540 | Lair:3   | Found a hide-covered altar of Uskayaw.
 12540 | Lair:3   | Noticed a boulder beetle
 13023 | Lair:2   | Found a burning altar of Makhleb.
 13122 | Lair:2   | Reached skill level 1 in Maces & Flails
 13568 | Lair:2   | Found a staircase to the Shoals.
 14495 | Lair:3   | Killed a boulder beetle
 14600 | Lair:3   | Found a staircase to the Snake Pit.
 14945 | Lair:3   | Reached ***** piety under Beogh
 15245 | Lair:4   | Reached skill level 10 in Invocations
 15251 | Lair:4   | Reached XP level 13. HP: 72/114 MP: 13/20
 15382 | Lair:4   | Identified the amulet "Forget-Me-Not" {Spirit SInv}
 15409 | Lair:4   | Found a frozen archway.
 16220 | Lair:5   | Entered Level 5 of the Lair of Beasts
 16300 | Lair:5   | Gained Learuk as an ally
 16401 | Lair:5   | Reached skill level 13 in Axes
 16677 | Lair:5   | Paralysed by a floating eye for 2 turns
 16680 | Lair:5   | Found a viscous altar of Jiyva.
 16680 | Lair:5   | Found a staircase to the Slime Pits.
 16873 | Lair:5   | Acquired a +3 broad axe of flaming
 16884 | Lair:5   | Reached skill level 10 in Armour
 16885 | Lair:5   | Reached ****** piety under Beogh
 16889 | Lair:5   | Reached skill level 5 in Shields
 17422 | Lair:5   | Reached XP level 14. HP: 106/126 MP: 18/22
 18020 | Orc:1    | Entered Level 1 of the Orcish Mines
 18238 | Orc:1    | Gained Borgk as an ally
 18498 | Orc:2    | Entered Level 2 of the Orcish Mines
 18651 | Orc:2    | Found Waikhez's Magic Scroll Emporium.
 18653 | Orc:2    | Found Caozuir's Magic Scroll Shoppe.
 18680 | Orc:2    | Bought a scroll of teleportation for 45 gold pieces
 18927 | Orc:2    | Gained Harm as an ally
 18942 | Orc:2    | Your ally Borgk died
 18944 | Orc:2    | Your ally Harm died
 19238 | Orc:2    | Found Vyhadgh's Jewellery Boutique.
 19238 | Orc:2    | Found Puichomo's Antique Armour Shop.
 19239 | Orc:2    | Found a one-way gate leading to the halls of Pandemonium.
 19245 | Orc:2    | Bought an amulet of regeneration for 450 gold pieces
 19245 | Orc:2    | Bought a +4 ring of protection for 540 gold pieces
 19245 | Orc:2    | Bought a +6 ring of strength for 540 gold pieces
 19316 | Orc:2    | Reached skill level 14 in Axes
 19349 | Orc:2    | Found a staircase to the Elven Halls.
 19876 | Snake:1  | Entered Level 1 of the Snake Pit
 19899 | Snake:1  | Gained Norbak as an ally
 20477 | Snake:1  | Noticed a green very ugly thing
 20691 | Snake:1  | Noticed a cacodemon
 20693 | Snake:1  | Found a transporter.
 20741 | Snake:1  | Found a transporter.
 20764 | Snake:1  | Noticed Haintauh's ghost (journeyman DrIE)
 20798 | Snake:1  | Noticed a cyan very ugly thing
 21952 | Snake:2  | Your ally Norbak died
 21953 | Snake:2  | Your ally Ugbert died
 21956 | Snake:2  | Gained Argrim as an ally
 21961 | Snake:2  | Noticed a nagaraja
 21966 | Snake:2  | Your ally Argrim died
 21968 | Snake:2  | Noticed a nagaraja
 21972 | Snake:2  | Reached XP level 15. HP: 51/135 MP: 20/24
 21973 | Snake:2  | Killed a nagaraja
 21978 | Snake:2  | Noticed a nagaraja
 21984 | Snake:2  | Killed a nagaraja
 21987 | Snake:2  | HP: 4/135 [naga warrior/+0 dire flail (9)]
 21987 | Snake:2  | HP: 1/135 [constriction (3)]
 21988 | Snake:2  | Slain by a nagaraja

Illustrated notes

Levels and vault maps discovered:
D:1:      dpeg_arrival_leaves_temple_mockup, layout_basic,
          chequers_ecumenical_altar_island, grunt_decor_junction,
          minmay_hexomino_r4
D:2:      layout_basic, minmay_misc_feat_iff, uniq_robin,
          uniq_crazy_yiuf_cottage
D:3:      layout_basic, grunt_temple_overflow_growth_and_decay,
          nicolae_dithmenos_shadow_blocks, overflow_temple_1_default
D:4:      layout_basic, grunt_gozag_breadcrumbs, nicolae_ossuary_entry_giza,
          kennysheep_generic_room_16
D:5:      layout_basic, mainiacjoe_overflow_small_starburst,
          amcnicky_altar_gilded, uniq_eustachio
D:6:      layout_loops_ring, ebering_ghost_sewer_f, uniq_menkaure, uniq_sigmund,
          uniq_blork_the_orc
D:7:      layout_basic, demons_altar, temple_pool_b, st_stairs_14
D:8:      layout_loops_ring, mainiacjoe_overflow_alcove_4, lair_entry_dummy,
          nicolae_grassy_gnolls
D:9:      layout_loops_ring, nicolae_hepliaklqana_ecumenical_no_more,
          erik_orc_1, serial_shops, nicolae_shop_bloodbath_and_beyond,
          nicolae_wwwww, uniq_grum
D:10:     cheibrodos_orc_bank, layout_basic, elyvilon_altar_1, enter_trove_6,
          minmay_circle_x
D:11:     layout_grid_maze, chequers_hall_statues_corner_a
Lair:1:   layout_regular_city, serial_forest, infiniplex_forest_lined_room_,
          infiniplex_forest_zigzag_1, infiniplex_forest_lined_corner,
          infiniplex_forest_lined_room_2, infiniplex_forest_lined_2
Lair:2:   nzn_winding_woodlands_small
          [nzn_winding_woodlands_5x15_pathside_ponds,
          nzn_winding_woodlands_center_garden,
          nzn_winding_woodlands_5x15_sawtooth], layout_cave_pods,
          elwin_shoals_entry_rooms, basic_altar
Lair:3:   layout_misc_corridors, minmay_snake_entry_six_corridors,
          nzn_masters_of_martial_movement, infiniplex_staircase_pool
Lair:4:   layout_big_grid, portal_ice_cave_entry_ice_simulacra
Lair:5:   evilmike_catoblepas_cave, layout_regular_city,
          minmay_slime_entry_eyes, minivault_26
Snake:1:  layout_gridlike, gammafunk_ghost_abyssal_escape,
          nicolae_snake_slithery_corners, st_stairs_7, drop_trap
Snake:2:  nicolae_cobra_stairs, layout_rooms, st_stairs_1, grunt_ministairs_13,
          nicolae_snake_gridmaze_waves, uniq_frances
Orc:1:    layout_caves
Orc:2:    pf_orc_diabolical, layout_caves

Skill      XL: |  1  2  3  4  5  6  7  8  9 10 11 12 13 14 15 |
---------------+----------------------------------------------+-----
Fighting       | 4 5 6 7 8 9 10 11 12 13 | 13.1
Axes           | 5 6 7 8 9 10 11 12 13 14 | 14.5
Armour         | 1 2 3 4 5 7 8 9 10 11 | 11.4
Throwing       | 1 2 3 4 5 6 7 |  7.1
Dodging        | 3 4 5 6 7 8 |  8.9
Evocations     | 1 2 3 4 5 6 7 |  7.0
Invocations    | 2 5 7 8 10 11 12 | 12.3
Shields        | 3 5 7 |  7.5
Maces & Flails | 2 3 4 |  4.9
Stealth        | |  1.5

Action                   |  1- 3 |  4- 6 |  7- 9 | 10-12 | 13-15 || total
-------------------------+-------+-------+-------+-------+-------++-------
Melee: Hand axe          |    75 |       |       |       |       ||    75
       Punch             |     1 |       |     1 |     2 |     5 ||     9
       Dagger            |    41 |    36 |       |       |       ||    77
       Broad axe         |       |    76 |   162 |   237 |   277 ||   752
       Whip              |       |       |       |     7 |       ||     7
       Morningstar       |       |       |       |     5 |       ||     5
Throw: Javelin           |       |     6 |    45 |    23 |     5 ||    79
       Dart              |       |     2 |     7 |     1 |     4 ||    14
       Boomerang         |       |       |       |    11 |    66 ||    77
       Throwing net      |       |       |       |     2 |     3 ||     5
Invok: Convert to Beogh  |       |       |     1 |       |       ||     1
       Smiting           |       |       |     2 |     3 |     4 ||     9
       Recall Orcish Fol |       |       |       |     2 |    10 ||    12
       Give Item to Name |       |       |       |       |     4 ||     4
       Resurrection      |       |       |       |       |     2 ||     2
Evoke: Wand              |       |       |     5 |     7 |    36 ||    48
  Use: Scroll            |     8 |     4 |     4 |     9 |     8 ||    33
       Potion            |     3 |     4 |     1 |     6 |    13 ||    27
 Stab: Sleeping          |     1 |       |       |       |       ||     1
       Paralysed         |       |       |     5 |     1 |     2 ||     8
       Distracted        |       |       |       |     1 |     6 ||     7
       Invisible         |       |       |       |       |     5 ||     5
Armor: Scale mail        |    20 |       |       |       |       ||    20
       Robe              |     2 |       |       |       |       ||     2
       Chain mail        |    43 |    85 |   143 |   159 |   100 ||   530
       Plate armour      |       |       |       |       |    56 ||    56
Dodge: Dodged            |    51 |    51 |    93 |   150 |   152 ||   497
Block: Other             |       |     5 |    25 |    28 |       ||    58
       Reflection        |       |       |     1 |     2 |       ||     3
       Buckler           |       |       |       |    23 |     1 ||    24
       Kite shield       |       |       |       |       |    63 ||    63

Table legend: (Time is in decaauts)
 A = Elapsed time spent in this place.
 B = Non-inter-level travel time spent in this place.
 C = Inter-level travel time spent in this place.
 D = Time resting spent in this place.
 E = Time spent auto-exploring this place.
 F = Levels seen in this place.
 G = Mean time per level.
                   A        B        C        D        E       F      G
               +--------+--------+--------+--------+--------+-----+--------+
         Total |  22355 |  20518 |   1837 |   2624 |  14244 |  21 | 1064.5 |
       Dungeon |  11890 |  10837 |   1053 |   1128 |   7876 |  11 | 1080.9 |
          Lair |   7092 |   6509 |    583 |    799 |   4660 |   5 | 1418.4 |
     Snake Pit |   1494 |   1423 |     71 |     62 |   1036 |   2 |  747.0 |
  Orcish Mines |   1599 |   1470 |    129 |    635 |    550 |   2 |  799.5 |
       Ossuary |    278 |    278 |      0 |      0 |    122 |   1 |  278.0 |
               +--------+--------+--------+--------+--------+-----+--------+

Top non-repeatable levels by time:
     D:9: 2086 daAuts
  Lair:5: 1663 daAuts
  Lair:2: 1572 daAuts
  Lair:3: 1491 daAuts
  Lair:1: 1333 daAuts
 Snake:1: 1332 daAuts
   Orc:2: 1318 daAuts
     D:8: 1213 daAuts
    D:10: 1156 daAuts
     D:5: 1119 daAuts
     D:6: 1039 daAuts
  Lair:4: 1031 daAuts
     D:1: 1025 daAuts
    D:11: 1003 daAuts
     D:4: 876 daAuts
